Map: Dusk Towers

Players

DroneScout

  • Race: Terran Terran
  • League: Diamond

Kaldi - Winner!

  • Race: Zerg Zerg
  • League: Master

VOD

Have the link to the VOD?

Description

Time

  • Played on: April 28, 2016, 6:41 p.m.
  • Length: 9:29
Show
View Real Time Build Order
Export as new Build Order

DroneScout Terran 

Build Orders: Reaper Expand, Bio Tank 

Get SALT Encoding   

  12  0:00  SCV  
  13  0:13  SCV  
  14  0:17  Supply Depot  
  14  0:25  SCV  
  15  0:39  SCV  
  15  0:40  Barracks  
  16  0:45  Refinery  
  16  0:51  SCV  
  17  1:03  SCV  
  18  1:15  SCV  
  19  1:27  Orbital Command  
  19  1:29  Reaper  
  20  1:41  Command Center  
  20  2:00  SCV  
  21  2:03  Marine  
  21  2:07  Supply Depot  
  22  2:12  SCV  
  23  2:21  Barracks Reactor  
  23  2:28  SCV, Refinery  
  23  2:29  Factory  
  24  2:40  SCV  
  25  2:52  SCV  
  25  2:56  Orbital Command  
  26  3:01  Marine x2  
  26  3:05  SCV  
  29  3:15  Starport  
  29  3:17  SCV  
  30  3:21  Factory Tech Lab  
  30  3:22  Marine x2  
  30  3:26  SCV  
  33  3:29  SCV  
  34  3:38  SCV  
  34  3:39  Marine  
  34  3:40  Marine  
  34  3:41  SCV  
  38  3:43  Siege Tank  
  38  3:48  Supply Depot x2  
  41  3:50  SCV  
  41  3:52  Medivac  
  41  3:53  SCV  
  45  4:02  SCV  
  46  4:09  Marine x2, SCV  
  49  4:14  SCV  
  50  4:21  SCV  
  51  4:26  SCV  
  52  4:33  SCV  
  52  4:37  Engineering Bay  
  52  4:38  Command Center, Engineering Bay, SCV  
  53  4:39  Barracks  
  53  4:40  Barracks  
  54  4:45  SCV  
  54  4:50  SCV  
  54  4:51  Marine x2  
  54  4:52  Siege Tank  
  61  4:58  SCV  
  62  5:02  Supply Depot  
  62  5:06  Supply Depot  
  62  5:23  Medivac, Marine x2, SCV x2  
  68  5:32  Siege Tank  
  68  5:34  Barracks Reactor x2  
  68  5:35  Terran Infantry Weapons Level 1  
  71  5:36  SCV x2  
  71  5:38  Barracks Tech Lab  
  73  5:44  Refinery, Supply Depot  
  73  5:45  Refinery  
  73  5:48  SCV x2  
  75  5:50  Terran Infantry Armor Level 1  
  75  5:53  Orbital Command  
  75  5:57  Marine  
  75  5:58  Marine x2  
  75  6:00  SCV x2  
  75  6:03  Stimpack  
  80  6:12  SCV x2  
  80  6:18  Marine x5  
  84  6:21  Siege Tank  
  84  6:22  Starport Reactor  
  84  6:23  SCV  
  84  6:24  SCV x2  
  93  6:25  Supply Depot  
  93  6:35  SCV  
  93  6:36  Marine, SCV x2  
  97  6:46  Marine x3  
  97  6:47  Marine  
  100  6:48  SCV x3  
  104  6:55  Factory  
  104  6:59  Siege Tank  
  104  7:00  SCV x2  
  109  7:08  Refinery x2  
  109  7:16  Supply Depot  
  109  7:18  Supply Depot  
  109  7:19  Supply Depot  
  109  7:20  Supply Depot  
  109  7:37  Marine x4  
  109  7:38  Medivac, SCV x2  
  109  7:39  Medivac, Marine, SCV  
  121  7:45  Siege Tank  
  121  7:50  SCV x2  
  126  7:52  SCV  
  126  7:55  Marine x4  
  126  7:57  Marine  
  108  8:02  SCV x2  
  108  8:04  Combat Shields  
  105  8:08  Medivac  
  105  8:12  Factory Tech Lab  
  107  8:13  Marine x3  
  107  8:14  Barracks  
  107  8:16  SCV x2  
  107  8:17  SCV  
  107  8:18  Barracks  
  113  8:20  Armory  
  113  8:23  Command Center  
  113  8:24  Marine  
  113  8:25  Marine  
  114  8:28  SCV  
  114  8:29  SCV x2  
  117  8:34  Medivac  
  117  8:36  Marine x3  
  117  8:38  Medivac  
  117  8:39  Missile Turret  
  117  8:40  Missile Turret  
  117  8:41  SCV x3  
  127  8:42  Marine, Missile Turret  
  127  8:45  Missile Turret  
  128  8:49  Marine  
  128  8:51  Siege Tank x2  
  128  8:53  SCV x3  
  128  8:54  Marine  
  139  8:58  Marine x2  
  141  9:10  Barracks Reactor x2  
  141  9:13  Supply Depot  
  141  9:14  Supply Depot  
  141  9:15  Supply Depot  
  141  9:17  Supply Depot  
  141  9:18  Supply Depot  
Show
View Real Time Build Order
Export as new Build Order

Kaldi Zerg - Winner!

Build Orders: Hatch First 

Get SALT Encoding   

  12  0:01  Drone  
  13  0:13  Overlord  
  13  0:19  Drone  
  14  0:32  Drone  
  14  0:33  Drone  
  16  0:37  Drone  
  17  0:53  Hatchery  
  16  1:01  Drone  
  17  1:12  Drone, Spawning Pool  
  17  1:22  Drone x2  
  19  1:30  Overlord  
  19  1:40  Drone  
  20  1:53  Drone  
  21  1:59  Queen  
  23  2:04  Zergling x2  
  23  2:05  Queen  
  26  2:09  Zergling x2  
  28  2:15  Drone x2  
  29  2:23  Drone  
  29  2:27  Drone  
  31  2:35  Drone, Queen  
  34  2:39  Overlord  
  34  2:44  Queen  
  34  2:47  Extractor  
  34  2:49  Extractor  
  34  2:50  Drone x2  
  36  2:58  Drone  
  36  2:59  Drone  
  36  3:02  Roach Warren  
  37  3:08  Drone x3  
  37  3:10  Drone x2  
  42  3:15  Drone  
  42  3:16  Drone, Overlord  
  44  3:31  Overlord  
  44  3:41  Roach, Evolution Chamber  
  44  3:42  Roach x3  
  44  3:43  Drone, Evolution Chamber  
  51  3:55  Drone x3  
  54  3:58  Drone x2  
  56  4:07  Drone x2  
  58  4:16  Hatchery  
  57  4:20  Zerg Missile Weapons Level 1, Zerg Ground Armor Level 1  
  57  4:21  Drone x2  
  59  4:27  Drone  
  60  4:31  Extractor, Overlord  
  60  4:33  Overlord  
  60  4:38  Lair  
  59  4:51  Drone, Overlord x2  
  57  5:20  Drone x8  
  65  5:29  Drone x3  
  68  5:36  Drone x2  
  68  5:37  Glial Reconstitution  
  68  5:39  Drone x4  
  68  5:42  Drone  
  75  5:43  Spore Crawler x2  
  75  5:47  Drone  
  74  5:50  Drone x2  
  74  5:56  Drone  
  77  5:59  Drone  
  77  6:02  Extractor x2  
  76  6:04  Drone  
  76  6:08  Drone x4, Spine Crawler  
  76  6:09  Extractor  
  83  6:11  Roach x5  
  89  6:23  Overlord x3  
  89  6:34  Drone  
  89  6:35  Zerg Ground Armor Level 2, Zerg Missile Weapons Level 2  
  90  6:43  Roach x9  
  108  6:49  Overlord x2  
  108  6:55  Overlord x2  
  108  7:12  Drone x3  
  108  7:14  Roach x8  
  129  7:22  Ravager x2  
  129  7:23  Ravager x3  
  129  7:27  Overlord x4  
  129  7:29  Hatchery  
  131  7:35  Roach x3  
  118  7:59  Roach x9  
  118  8:00  Roach x2  
  140  8:24  Roach x8  
  140  8:25  Roach x2  
  160  8:31  Spine Crawler  
  159  8:34  Drone, Spine Crawler  
  159  8:35  Drone x2  
  159  8:36  Ravager x4  
  159  8:37  Ravager x3  
  159  8:38  Hatchery, Overlord x3  
  167  8:44  Hatchery  
  166  8:50  Infestation Pit  
  166  8:53  Overlord x2  
  166  8:54  Overlord x2  
  165  8:58  Roach x2  
  169  9:04  Roach x4  
Tags
 
Add a new tag
Caveats
  • Supply blocks, unpowered buildings, or Contaminate may cause inaccurate times.
  • Supply counts are checked every 10 seconds.